 Dungeon Sprint DCSS version 0.28.0-43-g3370ac3207 (webtiles) character file.

Game seed: 10472242037736201273

119 boopmooplesden the Chopper (level 4, 0/48 HPs)
             Began as a Minotaur Berserker on Mar 5, 2022.
             Was a Believer of Trog.
             Succumbed to a scorpion's poison
             ... in the Dungeon (Sprint II: "The Violet Keep of Menkaure").
             The game lasted 00:00:10 (20 turns).

boopmooplesden the Chopper (Minotaur Berserker)       Turns: 20, Time: 00:00:11

Health: 0/48       AC:  2    Str: 23    XL:     4   Next: 73%
Magic:  3/3        EV: 13    Int:  4    God:    Trog [**....]
Gold:   0          SH:  0    Dex: 10    Spells: 3/3 levels left

rFire   . . .      SeeInvis .   a - +0 hand axe
rCold   . . .      Faith    .   (no shield)
rNeg    . . .      Spirit   .   b - +0 animal skin
rPois   .          Reflect  .   (helmet restricted)
rElec   .          Harm     .   (no cloak)
rCorr   .          Rampage  .   (no gloves)
Will    .....      NoTele   +   (no boots)
Stlth   +.........              (no amulet)
HPRegen 0.16/turn               (no ring)
MPRegen 0.08/turn               (no ring)

@: lethally poisoned (0 -> -5), on berserk cooldown, slowed, very slow
A: horns 2, retaliatory headbutt
a: Renounce Religion, Berserk, Trog's Hand


You were in the Dungeon.
You worshipped Trog.
Trog was pleased with you.
You visited 1 branch

Inventory:

Hand Weapons
 a - a +0 hand axe (weapon)
Armour
 b - a +0 animal skin (worn)
Scrolls
 h - a scroll of blinking
Potions
 c - a potion of curing
 d - a potion of heal wounds
 e - a potion of haste
 f - 2 potions of magic
 g - a potion of berserk rage


   Skills:
 + Level 7.9 Fighting
 + Level 7.9 Axes
 + Level 4.3 Armour
 + Level 4.1 Dodging


You had 3 spell levels left.
You didn't know any spells.
Your spell library was empty.

Dungeon Overview and Level Annotations

Branches:
Dungeon (1/1)

Altars:


Innate Abilities, Weirdness & Mutations

You have a pair of horns on your head.
You reflexively headbutt those who attack you in melee.


Message History

You are no longer berserk.
You are exhausted.
You feel yourself slow down.
The scorpion stings you but does no damage.
The scorpion barely misses you.
You feel sick. The scorpion stings you!
* * * LOW HITPOINT WARNING * * *
There is an open door, spattered with blood here.
Things that are here:
a scorpion corpse; a scorpion corpse You hit the scorpion.
The scorpion is lightly wounded.
You feel sick.
You are no longer poisoned.
The scorpion barely misses you.
You closely miss the scorpion.
The scorpion is lightly wounded.
The scorpion misses you. The scorpion stings you.
* * * LOW HITPOINT WARNING * * *
You closely miss the scorpion. Your headbutt misses the scorpion.
You punch the scorpion, but do no damage.
The scorpion is lightly wounded.
The scorpion barely misses you. x2
You slash the scorpion! Your headbutt misses the scorpion.
The scorpion is heavily wounded.
The scorpion stings you.
* * * LOW HITPOINT WARNING * * *
You are lethally poisoned!
The scorpion poisons you!
You barely miss the scorpion. Your headbutt misses the scorpion.
The scorpion is heavily wounded.
* * * LOW HITPOINT WARNING * * *
You feel very sick. The scorpion completely misses you.
The scorpion stings you but does no damage.
You slash the scorpion! You headbutt the scorpion.
You kill the scorpion!
Trog accepts your kill.
You can now call upon Trog for regeneration and willpower.
You die...

## ##
##. .##
#.s#..#
#$# #@#
##.##
+.<.+
##.##
#+#


You could see a scorpion.

Vanquished Creatures
  3 scorpions (D)
3 creatures vanquished.

Notes
Turn   | Place    | Note
-------+----------+-------------------------------------------
     0 | D        | boopmooplesden the Minotaur Berserker began the quest for
                  | the Orb.
     0 | D        | Reached XP level 1. HP: 19/19 MP: 0/0
     1 | D        | Noticed a scorpion
     1 | D        | Noticed a scorpion
     8 | D        | Killed a scorpion
     9 | D        | Reached XP level 2. HP: 20/31 MP: 1/1
     9 | D        | Reached XP level 3. HP: 25/38 MP: 2/2
    10 | D        | Killed a scorpion
    11 | D        | Reached XP level 4. HP: 30/48 MP: 3/3
    12 | D        | Noticed a scorpion
    12 | D        | Noticed a scorpion
    19 | D        | HP: 2/48 [poisoned by a scorpion]
    20 | D        | Killed a scorpion
    20 | D        | Reached ** piety under Trog
    20 | D        | Succumbed to a scorpion's poison

Illustrated notes

Levels and vault maps discovered:
D:        the_violet_keep_of_menkaure [sprint2_stairs_cluster_1,
          sprint2_shoproom, sprint2_temple, sprint2_basic_supplies,
          sprint2_obstacle_3, sprint2_obstacle_5, sprint2_obstacle_1,
          sprint2_obstacle_2, sprint2_obstacle_6, sprint2_timed_cluster_1,
          sprint2_smallroom_cluster_1, sprint2_smallroom_final_cluster_1,
          sprint2_transparent_cluster_1, sprint2_second_timed_cluster_1,
          sprint2_sniper_area_1, sprint2_heavy_combat_area_1,
          sprint2_mutation_trap_area_1, sprint2_forest_area_1,
          sprint2_light_combat_area_1, sprint2_behind_water_1,
          sprint2_near_end_vault_1]

Skill      XL: |  1  2  3 |
---------------+----------+-----
Fighting       | 6 7 |  7.9
Axes           | 6 7 |  7.9
Armour         | 3 4 |  4.3
Dodging        | 3 4 |  4.1

Action                   |  1- 3 |  4- 6 || total
-------------------------+-------+-------++-------
Melee: Hand axe          |     6 |     7 ||    13
       Headbutt          |     1 |     1 ||     2
       Punch             |       |     1 ||     1
Invok: Berserk           |     1 |       ||     1
Armor: Animal skin       |       |     2 ||     2
Dodge: Dodged            |     2 |     6 ||     8
